 Dungeon Crawl Stone Soup version 0.29.1-14-g9c671dbff4 (webtiles) character file.

Game seed: 8300968856514330454

350 Ast3rio the Covered (level 6, -2/56 HPs)
             Began as a Hill Orc Fighter on Feb 14, 2023.
             Slain by Ijyb
             ... wielding a +2 spectral club
              (7 damage)
             ... on level 4 of the Dungeon.
             The game lasted 00:06:50 (3371 turns).

Ast3rio the Covered (Hill Orc Fighter)              Turns: 3371, Time: 00:06:51

Health: -2/56      AC:  7    Str: 21    XL:     6   Next: 60%
Magic:  6/6        EV:  9    Int:  8    God:
Gold:   254        SH:  4    Dex: 10    Spells: 5/5 levels left

rFire   . . .      SeeInvis .   n - +2 long sword (flame)
rCold   . . .      Faith    .   c - +0 buckler
rNeg    . . .      Spirit   .   b - +0 scale mail
rPois   .          Reflect  .   (no helmet)
rElec   .          Harm     .   (no cloak)
rCorr   .          Rampage  .   (no gloves)
Will    .....                   (no boots)
Stlth   ..........              (no amulet)
HPRegen 0.18/turn               (no ring)
MPRegen 0.10/turn               (no ring)

@: no status effects
A: no striking features
a: no special abilities


You were on level 4 of the Dungeon.
You visited 1 branch of the dungeon, and saw 4 of its levels.

You collected 254 gold pieces.

Inventory:

Hand Weapons
 a - a +0 war axe
 n - a +2 long sword of flaming (weapon)
 t - a +0 spectral quarterstaff
Armour
 b - a +0 scale mail (worn)
 c - a +0 buckler (worn)
Jewellery
 d - a ring of protection from cold
 j - a ring of resist corrosion
 u - a ring of magical power
Scrolls
 e - 5 scrolls of identify {unknown}
 f - a scroll of brand weapon {unknown}
 g - a scroll of poison {unknown}
 h - a scroll of blinking {unknown}
 i - a scroll of noise {unknown}
 l - a scroll of fog {unknown}
 m - a scroll of enchant armour {unknown}
 o - a scroll of enchant weapon {unknown}
 r - a scroll of teleportation {unknown}
Potions
 k - 3 potions of heal wounds {unknown}
 p - a potion of attraction {unknown}
 q - a potion of lignification {unknown}
 s - a potion of curing {unknown}


   Skills:
 + Level 5.0 Fighting
 + Level 2.5 Long Blades
 + Level 4.1 Axes
 + Level 5.1 Armour
 + Level 1.2 Dodging
 + Level 0.4 Stealth
 + Level 3.9 Shields


You had 5 spell levels left.
You didn't know any spells.
Your spell library contained the following spells:

 Spells                   Type           Power      Damage    Failure   Level
 Apportation              Tloc           0%         N/A       82%         1
 Alistair's Intoxication  Tmut/Pois      0%         N/A       100%        5


Dungeon Overview and Level Annotations

Branches:
Dungeon (4/15)             Temple (0/1) D:4

Altars:
Kikubaaqudgha
The Shining One

Annotations:
D:4 Ijyb


Message History

Ijyb is heavily wounded.
Ijyb hits you with a +2 spectral club.
You closely miss Ijyb.
Ijyb is heavily wounded.
Ijyb zaps a wand.
The bolt of light hits you!
You are confused.
Ijyb barely misses you.
You hit Ijyb. You burn Ijyb.
Ijyb is severely wounded.
Ijyb hits you but does no damage.
You bump into the crystal wall.
Ijyb barely misses you.
You bump into the crystal wall.
You feel less confused. You block Ijyb's attack.
You closely miss Ijyb.
Ijyb is severely wounded.
Ijyb completely misses you.
You hit Ijyb. You burn Ijyb.
Ijyb is almost dead.
Ijyb hits you with a +2 spectral club. You block Ijyb's attack.
You hit Ijyb but do no damage.
Ijyb is almost dead.
Ijyb zaps a wand.
The bolt of light hits you!
You barely miss Ijyb.
Ijyb is almost dead.
Ijyb screams, "I no like you!"
Ijyb zaps a wand.
The bolt of light hits you!
You are confused.
* * * LOW HITPOINT WARNING * * *
Ijyb attacks as you move away! Ijyb hits you with a +2 spectral club.
* * * LOW HITPOINT WARNING * * *
You bump into the rock wall.
Ijyb hits you with a +2 spectral club.
* * * LOW HITPOINT WARNING * * *
You feel less confused. Ijyb hits you but does no damage.
Okay, then.
You hit Ijyb but do no damage.
Ijyb is almost dead.
Ijyb hits you with a +2 spectral club!
You die...

......#.###.#.#..#.#..####.###
##.##.#.....#.#..#.#..##⌠...⌠#
#.#.......[#.#..#.#...#.....#
#....#####.#.#.##.##.##..>..#
###....# #.#.#.#...#.##.....#
....#..##.#[#.#._. .##⌠...⌠###
##...##..#.#...# ###.###.#
#...# #.#...#.## #...##.#
#...# #..>..#g@# #.⌠.##.#
#...# ##### ##.# #...##.#
..... ..# ##.###.# ##.#
#...#.# #.. ###.#.# ### #.#.#
#.#.# ###.#.# #...#.#


You could see Ijyb.

Vanquished Creatures
  A necrophage (D:4)
  A scorpion (D:4)
  2 hounds (D:4)
  A jelly (D:4)
  Terence (D:3)
  6 adders
  An ufetubus (D:4)
  A worm (D:3)
  A dart slug (D:2)
  2 orcs (D:3)
  4 ball pythons
  2 bats (D:3)
  4 endoplasms
  3 giant cockroaches (D:3)
  3 goblins
  5 hobgoblins (D:3)
  4 jackals (D:3)
  3 kobolds
  4 quokkas
  A frilled lizard (D:2)
  5 rats
  A spectral hobgoblin (D:2)
56 creatures vanquished.

Vanquished Creatures (others)
  4 plants (D:1)
4 creatures vanquished.

Grand Total: 60 creatures vanquished

Notes
Turn   | Place    | Note
-------+----------+-------------------------------------------
     0 | D:1      | Ast3rio the Hill Orc Fighter began the quest for the Orb.
     0 | D:1      | Reached XP level 1. HP: 19/19 MP: 1/1
   208 | D:1      | Reached XP level 2. HP: 26/27 MP: 2/2
   817 | D:2      | Reached XP level 3. HP: 33/33 MP: 3/3
  1281 | D:2      | Found a faded altar of an unknown god.
  1486 | D:3      | Noticed Terence
  1497 | D:3      | Killed Terence
  1498 | D:3      | Reached XP level 4. HP: 4/41 MP: 4/4
  1801 | D:3      | Found an ancient bone altar of Kikubaaqudgha.
  2418 | D:3      | Reached XP level 5. HP: 46/47 MP: 5/5
  2624 | D:4      | Reached skill level 1 in Long Blades
  2666 | D:4      | Reached skill level 1 in Dodging
  2666 | D:4      | Reached XP level 6. HP: 42/55 MP: 6/6
  2899 | D:4      | Found a staircase to the Ecumenical Temple.
  3060 | D:4      | Reached skill level 5 in Fighting
  3060 | D:4      | Reached skill level 5 in Armour
  3342 | D:4      | Found a glowing golden altar of the Shining One.
  3357 | D:4      | Noticed Ijyb
  3371 | D:4      | Slain by Ijyb

Illustrated notes

Levels and vault maps discovered:
D:1:      denvon_arrival_planthouse, layout_basic, serial_bayou_lake_a
D:2:      layout_loops_cross, dreamdust_ecumenical_altar_drowned_temple
D:3:      layout_loops_cross, kiku_gazebo_pond_becter, uniq_terence
D:4:      black_bear_nest_1, layout_basic, mainiacjoe_overflow_surrounded_room,
          minmay_temple_entry_antechambers, uniq_eustachio, uniq_ijyb

Skill      XL: |  1  2  3  4  5  6 |
---------------+-------------------+-----
Fighting       | 4 5 |  5.0
Axes           | 3 4 |  4.1
Armour         | 4 5 |  5.1
Long Blades    | 1 2 |  2.5
Dodging        | 1 |  1.2
Stealth        | |  0.4
Shields        | |  3.9

Action                   |  1- 3 |  4- 6 || total
-------------------------+-------+-------++-------
Melee: War axe           |    81 |    15 ||    96
       Long sword        |       |    91 ||    91
  Use: Potion            |     1 |       ||     1
Armor: Scale mail        |    51 |    52 ||   103
Dodge: Dodged            |    47 |    56 ||   103
Block: Buckler           |    20 |    33 ||    53
